 Dungeon Crawl Stone Soup version 0.31-a0-303-gdc8c9485ea (webtiles) character file.

Game seed: 9753725282446776353

1646 ryw the Ruffian (level 8, -5/63 HPs)
             Began as a Demigod Shapeshifter on July 17, 2023.
             Succumbed to a kobold brigand's curare-tipped dart
             ... on level 6 of the Dungeon.
             The game lasted 00:17:23 (7328 turns).

ryw the Ruffian (Demigod Shapeshifter)              Turns: 7328, Time: 00:17:24

Health: -5/63      AC: 12    Str: 24    XL:     8   Next: 40%
Magic:  10/10      EV:  7    Int: 10    God:
Gold:   307        SH:  0    Dex: 14    Spells: 7/7 levels left

rFire   . .          .
                       - Unarmed
rCold   . . .        (no shield)
rNeg    . . .        l - +1 plate armour
rPois   .            (helmet currently unavailable)
rElec   .            (cloak currently unavailable)
rCorr   .            (gloves currently unavailable)
SInv    .            (boots currently unavailable)
Will    +....        (no amulet) Stlth
                     h - ring of willpower
HPRegen 0.30/turn    (no ring)
MPRegen 0.12/turn

%: no passive effects
@: lethally poisoned (-5 -> -25), beast-form, slowed, very slow
A: beast (slay +3), high MP 1, forlorn, divine attributes
a: Begin Untransformation


You were on level 6 of the Dungeon.
You were a hulking beast.
You visited 1 branch of the dungeon, and saw 6 of its levels.
You also visited: Sewer.

You collected 307 gold pieces.

Inventory:

Missiles
 a - 16 poisoned darts
 y - 2 javelins (quivered)
Armour
 e - an orb of light
 j - a +0 pair of gloves
 l - a +1 plate armour (worn)
 n - a +0 pair of boots
 q - a +0 helmet
Jewellery
 h - a ring of willpower (left hand)
 x - a +4 ring of protection
Talismans
 c - a beast talisman
 i - a granite talisman
 z - a maw talisman
Wands
 b - a wand of polymorph (9)
 k - a wand of flame (27)
Scrolls
 d - a scroll of silence
 m - a scroll of summoning
 s - a scroll of revelation
 u - a scroll of enchant armour
 w - a scroll of enchant weapon
Potions
 f - 3 potions of curing
 g - a potion of attraction
 o - a potion of resistance
 p - 3 potions of mutation {unknown}
 t - a potion of lignification
 v - a potion of brilliance {unknown}


   Skills:
 + Level 3.5 Fighting
 + Level 1.9 Throwing
 + Level 4.1 Armour
 - Level 2.0 Dodging
 + Level 6.1 Unarmed Combat
 * Level 5.4 Shapeshifting


You had 7 spell levels left.
You didn't know any spells.
Your spell library contained the following spells:

 Spells                   Type           Power      Damage    Failure   Level
 Slow                     Hex            0%         N/A       99%         1
 Lesser Beckoning         Tloc           0%         N/A       100%        2
 Confusing Touch          Hex            0%         N/A       100%        3
 Gell's Gravitas          Tloc           0%         N/A       100%        3
 Teleport Other           Tloc           0%         N/A       100%        3
 Vampiric Draining        Necr           0%         2d6       100%        3
 Olgreb's Toxic Radiance  Pois           0%         N/A       100%        4
 Discord                  Hex            0%         N/A       100%        8
 Ignition                 Fire           0%         3d3       100%        8


Dungeon Overview and Level Annotations

Branches:
Dungeon (6/15)              Sewer (visited)
 Temple: D:4-7

Shops:
D:1 *   D:5 (

Annotations:
D:5 exclusion: downstairs


Innate Abilities, Weirdness & Mutations

You are a hulking beast.
Your limbs bulge with bestial killing power. (Slay +3)
You have an increased reservoir of magic. (+10% MP)
You shall have no god before yourself.
Your divine heritage dramatically boosts your attributes as you level up.


Message History

The kobold brigand throws a curare-tipped dart.
The curare-tipped dart hits you.
You are poisoned.
You have difficulty breathing.
You feel yourself slow down.
You feel very sick.
You feel sick.
The kobold brigand throws a curare-tipped dart.
The curare-tipped dart hits you.
You are more poisoned.
You have difficulty breathing.
You feel as though you will be slow longer.
You feel extremely sick.
The iguana hisses angrily.
You feel very sick.
The kobold brigand throws a curare-tipped dart.
The curare-tipped dart hits you.
You are more poisoned.
You have difficulty breathing.
You feel as though you will be slow longer.
Things that are here:
a +0 short sword; 5 stones
* * * LOW HITPOINT WARNING * * *
You feel extremely sick. The iguana bites you.
* * * LOW HITPOINT WARNING * * *
The kobold brigand throws a curare-tipped dart.
The curare-tipped dart hits you.
You are more poisoned.
You have difficulty breathing.
* * * LOW HITPOINT WARNING * * *
You feel as though you will be slow longer.
The iguana completely misses you.
You hit the iguana. Your punch misses the iguana.
The iguana is heavily wounded.
* * * LOW HITPOINT WARNING * * *
You feel extremely sick.
The iguana bites you but does no damage.
You punch the iguana!
The iguana is almost dead.
You die...

... ....................##
...###... #...............##
#.....####.<.............#.
#...<#.#..................
#####.......<...............
##....##.....................
#......)[...........◑..).####
................l.......#####
...#............h.......+
###.............).......####
...........................
###.........................
..#...............>........
..#.........................
..................K......
..#.....................
##.........##.........


You could see a kobold brigand and an iguana.

Vanquished Creatures
  Sigmund (D:4)
  Edmund (D:4)
  2 ogres (D:5)
  A boggart (D:4)
  A phantom (D:5)
  4 bullfrogs
  A scorpion (D:5)
  2 hounds
  3 jellies
  3 iguanas
  Ijyb (D:3)
  Natasha (thrice) (D:1)
  Robin (D:2)
  15 adders
  6 gnolls
  7 river rats (Sewer)
  A shadow imp (D:6)
  2 ufetubi
  A worm (D:4)
  3 dart slugs
  4 orcs
  11 ball pythons
  16 endoplasms
  7 giant cockroaches
  17 goblins
  7 hobgoblins
  6 kobolds
  3 quokkas
  2 bats
  8 frilled lizards
  33 rats
173 creatures vanquished.

Notes
Turn   | Place    | Note
-------+----------+-------------------------------------------
     0 | D:1      | ryw the Demigod Shapeshifter began the quest for the Orb.
     0 | D:1      | Reached XP level 1. HP: 17/17 MP: 3/3
   174 | D:1      | Reached skill level 2 in Unarmed Combat
   237 | D:1      | Reached XP level 2. HP: 24/24 MP: 4/4
   441 | D:1      | Found Itionur's General Store.
   944 | D:2      | Reached XP level 3. HP: 21/29 MP: 5/5
  1050 | D:2      | Reached skill level 1 in Armour
  1259 | D:2      | Noticed Natasha
  1298 | D:1      | Killed Natasha
  1508 | D:1      | Noticed Natasha
  1522 | D:1      | Killed Natasha
  1523 | D:1      | Reached skill level 3 in Unarmed Combat
  1523 | D:1      | Reached XP level 4. HP: 28/36 MP: 6/6
  1792 | D:2      | Noticed Robin
  1874 | D:1      | Noticed Natasha
  1884 | D:1      | Killed Natasha
  1935 | D:2      | Killed Robin
  2508 | D:3      | Reached XP level 5. HP: 32/41 MP: 7/7
  3053 | D:3      | Noticed Ijyb
  3062 | D:3      | Killed Ijyb
  3063 | D:3      | Reached skill level 4 in Unarmed Combat
  3354 | D:4      | Noticed Eustachio
  3387 | D:4      | Eustachio changed into Eustachio the boggart
  3387 | D:4      | Noticed Eustachio
  3405 | D:4      | Killed Eustachio the boggart
  3406 | D:4      | Reached XP level 6. HP: 46/48 MP: 8/8
  3520 | D:4      | Noticed Edmund
  4187 | D:4      | Noticed Sigmund
  4226 | D:5      | Entered Level 5 of the Dungeon
  4359 | D:5      | Reached skill level 5 in Unarmed Combat
  4658 | D:5      | Found Zaesmuosh's Weapon Shoppe.
  4689 | D:5      | Reached XP level 7. HP: 55/55 MP: 9/9
  4764 | D:5      | Found a glowing drain.
  4807 | Sewer    | Entered a sewer
  6186 | D:4      | Killed Sigmund
  6187 | D:4      | Reached XP level 8. HP: 50/63 MP: 10/10
  6313 | D:4      | Killed Edmund
  6314 | D:4      | Reached skill level 1 in Throwing
  6314 | D:4      | Reached skill level 5 in Shapeshifting
  6618 | D:6      | Reached skill level 6 in Unarmed Combat
  7327 | D:6      | HP: 1/63 [poisoned by a kobold brigand (curare-tipped
                  | dart)]
  7328 | D:6      | Succumbed to a kobold brigand's curare-tipped dart

Illustrated notes

Levels and vault maps discovered:
D:1:      ldierk_walled_garden_2, layout_loops_ring, serial_shops, shop,
          ebering_ecumenical_altar_hall
D:2:      minmay_alternating_diamond, layout_basic, uniq_robin, uniq_natasha
D:3:      layout_loops_ring, uniq_ijyb
D:4:      layout_layer_cave, uniq_sigmund, uniq_edmund, uniq_eustachio
D:5:      layout_loops_ring, marbit_many_paths, serial_shops,
          nicolae_shop_tiny_statue_garden, gup_sewer_entry_bubbles,
          kennysheep_generic_room_4
D:6:      layout_cave_pools, mainiacjoe_overflow_surrounded_room,
          nicolae_titane, uniq_grinder

Skill      XL: |  1  2  3  4  5  6  7  8 |
---------------+-------------------------+-----
Unarmed Combat | 2 3 4 5 6 |  6.1
Dodging        | 2 |  2.0
Fighting       | 2 3 |  3.5
Armour         | 1 2 3 4 |  4.1
Shapeshifting  | 3 4 5 |  5.4
Throwing       | 1 |  1.9

Action                     |  1- 3 |  4- 6 |  7- 9 || total
---------------------------+-------+-------+-------++-------
  Melee: Unarmed           |   117 |   200 |   274 ||   591
         Punch             |     1 |     6 |     4 ||    11
  Throw: Dart              |       |    38 |     7 ||    45
         Javelin           |       |       |     1 ||     1
  Evoke: Wand              |       |    10 |       ||    10
    Use: Potion            |     2 |     4 |     1 ||     7
         Scroll            |     1 |     9 |     3 ||    13
 Armour: Ring mail         |    15 |       |       ||    15
         Plate armour      |    63 |    97 |   212 ||   372
         Skin              |    10 |       |       ||    10
  Dodge: Dodged            |    59 |    61 |    97 ||   217

Table legend: (Time is in decaauts)
 A = Elapsed time spent in this place.
 B = Non-inter-level travel time spent in this place.
 C = Inter-level travel time spent in this place.
 D = Time resting spent in this place.
 E = Time spent auto-exploring this place.
 F = Levels seen in this place.
 G = Mean time per level.
                   A        B        C        D        E       F      G
               +--------+--------+--------+--------+--------+-----+--------+
         Total |   7405 |   6890 |    515 |   1333 |   3686 |   7 | 1057.9 |
       Dungeon |   6648 |   6133 |    515 |   1138 |   3512 |   6 | 1108.0 |
         Sewer |    757 |    757 |      0 |    194 |    174 |   1 |  757.0 |
               +--------+--------+--------+--------+--------+-----+--------+

Top non-repeatable levels by time:
     D:5: 1709 daAuts
     D:4: 1509 daAuts
     D:1: 1416 daAuts
     D:2: 1005 daAuts
     D:3: 805 daAuts
   Sewer: 757 daAuts
     D:6: 201 daAuts
